 Dungeon Crawl Stone Soup version 0.29.1-13-g9f3cf754e1 (webtiles) character file.

Game seed: 17064524068873588795

952 GigaChad the Chopper (level 7, -1/61 HPs)
             Began as a Minotaur Fighter on Jan 19, 2023.
             Was an Initiate of Ashenzari.
             Slain by a wyvern (3 damage)
             ... on level 6 of the Dungeon.
             The game lasted 00:05:53 (4909 turns).

GigaChad the Chopper (Minotaur Fighter)             Turns: 4909, Time: 00:05:54

Health: -1/61      AC: 10    Str: 22    XL:     7   Next: 90%
Magic:  6/6        EV: 10    Int: 11    God:    Ashenzari [......]
Gold:   203        SH:  4    Dex: 10    Spells: 6/6 levels left

rFire   . . .      SeeInvis .   a - +0 war axe
rCold   . . .      Faith    .   c - +0 buckler
rNeg    . . .      Spirit   .   b - +0 scale mail
rPois   .          Reflect  .   (helmet restricted)
rElec   .          Harm     .   p - +1 cloak
rCorr   .          Rampage  .   (no gloves)
Will    +....                   (no boots)
Stlth   ..........              (no amulet)
HPRegen 0.20/turn               f - +6 ring of intelligence
MPRegen 0.10/turn               u - ring of willpower

@: no status effects
A: horns 2, retaliatory headbutt
a: Renounce Religion


You were on level 6 of the Dungeon.
You worshipped Ashenzari.
Ashenzari was noncommittal.
You visited 1 branch of the dungeon, and saw 6 of its levels.

You collected 203 gold pieces.

Inventory:

Hand Weapons
 a - a +0 war axe (weapon)
 o - a +4 quarterstaff of chaos
Armour
 b - a +0 scale mail (worn)
 c - a +0 buckler (worn)
 p - a +1 cloak (worn)
Jewellery
 f - a +6 ring of intelligence (left hand)
 j - a ring of positive energy
 u - a ring of willpower (right hand)
Wands
 r - a wand of paralysis (10)
Scrolls
 h - 2 scrolls of noise {unknown}
 k - a scroll of summoning
 m - 3 scrolls of identify
 s - a scroll of blinking
 v - 2 scrolls of immolation {unknown}
Potions
 d - a potion of might
 e - 2 potions of berserk rage {unknown}
 g - 3 potions of lignification
 i - 3 potions of flight {unknown}
 l - a potion of brilliance {unknown}
 n - a potion of degeneration {unknown}
 q - a potion of cancellation {unknown}
 t - a potion of haste {unknown}


   Skills:
 + Level 5.5 Fighting
 + Level 7.5 Axes
 + Level 6.4 Armour
 + Level 2.2 Dodging
 + Level 1.2 Stealth
 + Level 4.6 Shields


You had 6 spell levels left.
You didn't know any spells.
Your spell library contained the following spells:

 Spells                   Type           Power      Damage    Failure   Level
 Ignite Poison            Fire/Tmut/Pois 0%         N/A       97%         3
 Spider Form              Tmut/Pois      0%         N/A       97%         3
 Stone Arrow              Conj/Erth      0%         3d7       97%         3
 Animate Armour           Summ/Erth      0%         N/A       100%        4
 Eringya's Noxious Bog    Tmut/Pois      0%         N/A       100%        6
 Lehudib's Crystal Spear  Conj/Erth      0%         10d2      100%        8


Dungeon Overview and Level Annotations

Branches:
Dungeon (6/15)
 Temple: D:4-7

Altars:
Ashenzari
Gozag
Makhleb
Qazlal
Zin

Shops:
D:5 =


Innate Abilities, Weirdness & Mutations

You have a pair of horns on your head.
You reflexively headbutt those who attack you in melee.


Message History

A wyvern comes into view.
Found 11 gold pieces.
The wyvern hisses angrily.
A wyvern is nearby!
The wyvern bites you!
The wyvern bites you but does no damage.
You closely miss the wyvern.
You headbutt the wyvern, but do no damage.
The wyvern hisses menacingly.
The wyvern bites you!
You hit the wyvern.
The wyvern is moderately wounded.
The wyvern closely misses you. The wyvern barely misses you.
You hit the wyvern but do no damage.
The wyvern is moderately wounded.
The wyvern bites you.
The wyvern bites you but does no damage.
You hit the wyvern but do no damage.
The wyvern is moderately wounded.
The wyvern bites you but does no damage. x2
You closely miss the wyvern.
The wyvern is lightly wounded.
The wyvern bites you! The wyvern closely misses you. You furiously retaliate!
You headbutt the wyvern, but do no damage.
You hit the wyvern but do no damage. You headbutt the wyvern.
The wyvern is moderately wounded.
The wyvern bites you but does no damage.
You block the wyvern's attack.
You barely miss the wyvern. Your headbutt misses the wyvern.
The wyvern is moderately wounded.
The wyvern bites you!
* * * LOW HITPOINT WARNING * * *
You hit the wyvern but do no damage. You headbutt the wyvern.
The wyvern is moderately wounded.
The wyvern barely misses you. The wyvern bites you!
* * * LOW HITPOINT WARNING * * *
You closely miss the wyvern. You headbutt the wyvern!
The wyvern is severely wounded.
The wyvern bites you.
You die...

#.....# #....########
#.....####...........
#..........##...#####
#.....######.........
#...<.# #.##..###.
#.....# ###.# #.#
###.### #...# ..# #.#
#.### .# #.# #@# .#
#.# #l# ... $.# ..
#.## #. .. .# #.


You could see a wyvern.

Vanquished Creatures
  2 ice beasts
  3 black bears
  An ogre (D:3)
  A phantom (D:5)
  2 hounds
  Crazy Yiuf (D:2)
  An orc priest (D:5)
  Natasha (D:2)
  2 orc wizards (D:3)
  4 adders
  3 worms
  3 dart slugs
  6 orcs
  7 ball pythons
  11 endoplasms
  3 giant cockroaches
  7 goblins
  7 hobgoblins
  3 quokkas
  3 bats
  4 frilled lizards
  7 kobolds
  2 rats
84 creatures vanquished.

Vanquished Creatures (others)
  An orc wizard (D:3)
1 creature vanquished.

Grand Total: 85 creatures vanquished

Notes
Turn   | Place    | Note
-------+----------+-------------------------------------------
     0 | D:1      | GigaChad the Minotaur Fighter began the quest for the Orb.
     0 | D:1      | Reached XP level 1. HP: 19/19 MP: 0/0
   444 | D:1      | Reached XP level 2. HP: 23/27 MP: 1/1
  1179 | D:2      | Reached XP level 3. HP: 33/33 MP: 2/2
  1260 | D:2      | Found a runed translucent door.
  1261 | D:2      | Noticed Crazy Yiuf
  1338 | D:2      | Reached skill level 3 in Axes
  1354 | D:2      | Found a burning altar of Makhleb.
  1362 | D:2      | Found a faded altar of an unknown god.
  1878 | D:2      | Reached XP level 4. HP: 40/40 MP: 3/3
  2083 | D:2      | Noticed Natasha
  2090 | D:2      | Killed Natasha
  2385 | D:2      | Killed Crazy Yiuf
  2640 | D:3      | Reached skill level 4 in Axes
  2640 | D:3      | Reached XP level 5. HP: 21/47 MP: 4/4
  2666 | D:3      | Reached skill level 5 in Armour
  2666 | D:3      | Reached skill level 1 in Dodging
  3252 | D:3      | Noticed an ogre
  3257 | D:3      | Killed an ogre
  3258 | D:3      | Reached skill level 1 in Stealth
  3258 | D:3      | Reached XP level 6. HP: 53/53 MP: 5/5
  3323 | D:3      | Reached skill level 5 in Axes
  3329 | D:3      | Found a stormy altar of Qazlal.
  3620 | D:4      | You fall into a shaft and drop 1 floor!
  3620 | D:5      | Entered Level 5 of the Dungeon
  3655 | D:5      | Got the Dissertation on Variation
  4115 | D:5      | Found Duoximna's Jewellery Shoppe.
  4156 | D:5      | Found a glowing silver altar of Zin.
  4164 | D:5      | Reached skill level 6 in Axes
  4164 | D:5      | Reached XP level 7. HP: 55/60 MP: 6/6
  4256 | D:5      | Reached skill level 5 in Fighting
  4268 | D:5      | Found a broken altar of Ashenzari.
  4271 | D:5      | Became a worshipper of Ashenzari the Shackled
  4338 | D:5      | Found an opulent altar of Gozag.
  4605 | D:5      | Reached skill level 7 in Axes
  4897 | D:6      | Noticed a wyvern
  4908 | D:6      | HP: 1/61 [wyvern (15)]
  4909 | D:6      | Slain by a wyvern

Illustrated notes

Levels and vault maps discovered:
D:1:      amcnicky_arrival_blooded_trapdoor, layout_basic,
          chequers_serial_rivers_large_a
D:2:      layout_loops_corners, nicolae_ecumenical_snake_handling, basic_altar,
          solitary_fountain, chequers_jeans, uniq_natasha,
          uniq_crazy_yiuf_cottage
D:3:      layout_rooms, mainiacjoe_overflow_surrounded_room, serial_park_tiny_2,
          minmay_cut_off
D:4:      layout_basic, pdpol_wu_jian_five_deadly_venoms, serial_glass,
          glass_columns_a, glass_columns_a, kennysheep_generic_room_14
D:5:      layout_basic, kennysheep_little_box, ashenzari_conservatory_becter,
          mainiacjoe_overflow_chevrons, serial_shops, shop_statue
D:6:      layout_rooms, uniq_pikel

Skill      XL: |  1  2  3  4  5  6  7 |
---------------+----------------------+-----
Armour         | 4 5 6 |  6.4
Fighting       | 4 5 |  5.5
Shields        | 4 |  4.6
Axes           | 3 4 6 7 |  7.5
Dodging        | 1 2 |  2.2
Stealth        | 1 |  1.2

Action                   |  1- 3 |  4- 6 |  7- 9 || total
-------------------------+-------+-------+-------++-------
Melee: War axe           |    87 |   111 |    29 ||   227
       Headbutt          |     7 |    10 |     7 ||    24
  Use: Scroll            |       |     6 |       ||     6
Armor: Scale mail        |    58 |    68 |    16 ||   142
Dodge: Dodged            |    41 |    60 |    12 ||   113
Block: Buckler           |    35 |    24 |     7 ||    66
